 Dungeon Crawl Stone Soup version 0.28.0-47-ge53b351184 (webtiles) character file.

Game seed: 512684556327634819

83 101zpm the Magician (level 4, 0/31 HPs)
             Began as a Djinni Ice Elementalist on Apr 26, 2022.
             Slain by a bat (1 damage)
             ... on level 2 of the Dungeon.
             The game lasted 00:03:15 (858 turns).

101zpm the Magician (Djinni Ice Elementalist)        Turns: 858, Time: 00:03:16

Health: 0/31       AC:  2    Str:  7    XL:     4   Next: 71%
Gold:   0          EV: 12    Int: 18    God:
                   SH:  0    Dex: 14

rFire   + + .      SeeInvis .   (no weapon)
rCold   x . .      Faith    .   (no shield)
rNeg    . . .      Spirit   .   a - +0 robe
rPois   ∞          Reflect  .   (no helmet)
rElec   .          Harm     .   (no cloak)
rCorr   .          Rampage  .   (no gloves)
Will    .....                   (boots unavailable)
Stlth   ++........              (no amulet)
HPRegen 0.10/turn               (no ring)
MPRegen 0.00/turn               (no ring)

@: flying
A: sickness immunity, fire resistance 2, cold vulnerability 1, float, innate
caster, HP casting, extra vitality 1
a: no special abilities


You were on level 2 of the Dungeon.
You visited 1 branch of the dungeon, and saw 4 of its levels.

Inventory:

Armour
 a - a +0 robe (worn)


   Skills:
 + Level 0.2 Fighting
 + Level 2.2 Dodging
 + Level 1.8 Stealth
 + Level 4.4 Spellcasting


You couldn't memorise any spells.
You knew the following spells:

 Your Spells              Type           Power      Damage    Failure   Level
a - Freeze                Ice            80%        1d9       2%          1
b - Frozen Ramparts       Ice            40%        1d6       7%          3
c - Ozocubu's Armour      Ice            20%        N/A       7%          3
d - Hailstorm             Conj/Ice       20%        3d6       22%         4
e - Shock                 Conj/Air       80%        1d8       2%          1
Your spell library was empty.

Dungeon Overview and Level Annotations

Branches:
Dungeon (4/15)
 Temple: D:4-7

Altars:


Innate Abilities, Weirdness & Mutations

You are immune to sickness and miasma.
You are immune to poison.
Your flesh is very heat resistant. (rF++)
You are vulnerable to cold. (rC-)
You float through the air rather than walking.
You learn spells naturally, not from books.
Your magical power is your life essence.
You have superior vitality. (+4 MHP)


Message History

The zap hits the orc.
You kill the orc!
You start resting.
An orc priest is nearby!
Casting: Shock (safe; 2% risk of failure)
Confirm with . or Enter, or press ? or * to list all spells.
Aiming: Shock (safe; 2% risk of failure)
Press: ? - help, Shift-Dir - straight line, f - orc priest
Aim: an orc priest, wielding a +0 short sword and wearing a +0 leather armour (lightly wounded, 71% to hit)
The zap hits the orc priest!
The orc priest is severely wounded.
Casting: Shock (safe; 2% risk of failure)
Confirm with . or Enter, or press ? or * to list all spells.
Aiming: Shock (safe; 2% risk of failure)
Press: ? - help, Shift-Dir - straight line, f/p - orc priest
Aim: an orc priest, wielding a +0 short sword and wearing a +0 leather armour (severely wounded, 71% to hit)
The zap hits the orc priest.
The orc priest is severely wounded.
The orc priest invokes the aid of Beogh against you.
Pain shoots through your body!
* * * LOW HITPOINT WARNING * * *
You fly upwards.
The giant cockroach bites you.
* * * LOW HITPOINT WARNING * * *
Found a sapphire potion.
There is a stone staircase leading down here.
The kobold shouts!
The giant cockroach closely misses you.
Casting: Shock (safe; 2% risk of failure)
Confirm with . or Enter, or press ? or * to list all spells.
Aiming: Shock (safe; 2% risk of failure)
Press: ? - help, Shift-Dir - straight line, f - giant cockroach
Aim: a giant cockroach (71% to hit)
The zap misses the giant cockroach.
The zap hits the kobold.
You kill the kobold!
* * * LOW HITPOINT WARNING * * *
The giant cockroach completely misses you.
A bat comes into view.
The giant cockroach bites you but does no damage.
The bat hits you.
You die...

## ##.. #...#
#...### ####
#...###
#....### #@b.#
#.....>#####.##
#...)......B.#
#......#######
#......#
#.....!#
#......#
########


You could see a bat.

Vanquished Creatures
  A hound (D:4)
  An iguana (D:4)
  An adder (D:4)
  A dart slug (D:3)
  2 orcs (D:3)
  2 ball pythons (D:4)
  2 bats
  2 goblins (D:3)
  A kobold (D:2)
  A rat (D:3)
14 creatures vanquished.

Notes
Turn   | Place    | Note
-------+----------+-------------------------------------------
     0 | D:1      | 101zpm the Djinni Ice Elementalist began the quest for the
                  | Orb.
     0 | D:1      | Reached XP level 1. HP: 15/15 MP: 0/0
   118 | D:4      | Reached XP level 2. HP: 11/21 MP: 0/0
   293 | D:4      | Reached skill level 4 in Spellcasting
   293 | D:4      | Reached XP level 3. HP: 5/25 MP: 0/0
   293 | D:4      | Learned a level 1 spell: Shock
   436 | D:4      | Reached XP level 4. HP: 9/31 MP: 0/0
   533 | D:4      | Noticed a two-headed ogre
   850 | D:2      | HP: 1/31 [giant cockroach (1)]
   858 | D:2      | Slain by a bat

Illustrated notes

Levels and vault maps discovered:
D:1:      dpeg_arrival_leaves_temple_mockup, layout_loops_corners, st_stairs_11
D:2:      layout_basic, serial_curves, eino_curves_03, eino_curves_02,
          ebering_ecumenical_altar_box, uniq_natasha
D:3:      layout_loops_ring, lemuel_tele_altar, lemuel_coloured_pillars_altar,
          nrook_campfire, kennysheep_boxes
D:4:      layout_basic, lemuel_doored_altar

Skill      XL: |  1  2 |
---------------+-------+-----
Spellcasting   | 4 |  4.4
Fighting       | |  0.2
Dodging        | |  2.2
Stealth        | |  1.8

Action                   |  1- 3 |  4- 6 || total
-------------------------+-------+-------++-------
 Cast: Freeze            |    20 |     7 ||    27
       Ozocubu's Armour  |     1 |       ||     1
       Shock             |       |     5 ||     5
Armor: Robe              |     1 |     1 ||     2
Dodge: Dodged            |     7 |     3 ||    10
